 Dungeon Crawl Stone Soup version 0.20.1-1-g8b1a95d (webtiles) character file.

158 Jannitor the Skirmisher (level 5, 0/59 HPs)
             Began as an Ogre Chaos Knight on Sept 3, 2017.
             Slain by an orc
             ... wielding a +0 trident
              (4 damage)
             ... on level 3 of the Dungeon.
             The game lasted 00:03:27 (3067 turns).

Jannitor the Skirmisher (Ogre Chaos Knight)         Turns: 3067, Time: 00:03:28

Health: 0/59       AC:  5    Str: 16    XL:     5   Next: 39%
Magic:  5/5        EV: 11    Int: 13    God:    Xom [..*...]
Gold:   108        SH:  0    Dex:  9    Spells: 4/4 levels left

rFire    . . .     SeeInvis .   a - +0 mace (chaos)
rCold    . . .     Gourm    .   (no shield)
rNeg     . . .     Faith    .   b - +2 robe
rPois    .         Spirit   .   (helmet restricted)
rElec    .         Reflect  .   (no cloak)
rCorr    .         Harm     .   (gloves unavailable)
MR       .....                  (boots unavailable)
Stlth    +.........             (no amulet)
Regen    0.2/turn               (no ring)
MPRegen  0.1/turn               (no ring)

@: no status effects
A: unfitting armour, tough skin 1
a: Renounce Religion


You were on level 3 of the Dungeon.
You worshipped Xom.
You were a toy of Xom.
You were not hungry.

You visited 1 branch of the dungeon, and saw 3 of its levels.

You collected 108 gold pieces.

Inventory:

Hand Weapons
 a - a +0 mace of chaos (weapon)
Armour
 b - a +2 robe (worn)
Scrolls
 d - a scroll of enchant armour {unknown}
 e - a scroll of blinking {unknown}
 f - a scroll of enchant weapon {unknown}
 g - a scroll of amnesia {unknown}
 l - a scroll of teleportation {unknown}
Comestibles
 c - 3 bread rations
 i - 3 meat rations


   Skills:
 + Level 5.7 Fighting
 + Level 3.5 Maces & Flails
 + Level 3.4 Dodging


You had 4 spell levels left.
You didn't know any spells.

Dungeon Overview and Level Annotations

Branches:
Dungeon (3/15)

Altars:
Fedhas
Makhleb
Uskayaw


Innate Abilities, Weirdness & Mutations

You are too large for most types of armour.
You have tough skin. (AC +1)


Message History

The orc hits you from afar with a trident!
You closely miss the orc wizard.
The orc wizard gestures at you while chanting.
The puff of frost hits you! The orc wizard closely misses you.
The orc hits you from afar with a trident.
* * * LOW HITPOINT WARNING * * *
You barely miss the orc wizard. Xom grants you insight.
You detect items!
The orc wizard casts a spell at you. The puff of flame hits you!
* * * LOW HITPOINT WARNING * * *
The orc wizard gestures at you while chanting.
The puff of flame hits you!
* * * LOW HITPOINT WARNING * * *
The orc closely misses you.
You closely miss the orc wizard. The orc wizard completely misses you.
The orc hits you from afar with a trident.
You die...
Xom snickers!

S#.....# #.....# ....
#..#### ..$.#. ##.##
...... #..# ...... ##.#
.o..
......#######.#####.#.#
oo o
...##..)..oo..(.......#
..........##o@........#
....[.[...##..........#
.......(..##..........#
........).##..........#
..........##..........#
.........)##..........#
..........)...รท.......#
...#######............#
### #.....#'##.###


You could see an orc priest, an orc wizard and an orc.

Vanquished Creatures
  Robin (D:2)
  6 adders
  An ooze (D:3)
  A worm (D:2)
  3 dart slugs
  A leopard gecko (D:3)
  5 orcs (D:3)
  10 bats
  2 giant cockroaches
  6 hobgoblins
  4 jackals (D:2)
  6 kobolds
  A quokka (D:2)
  3 frilled lizards
  A giant cockroach zombie (D:1)
  15 goblins
  A jackal zombie (D:1)
  7 rats
74 creatures vanquished.

Notes
Turn   | Place    | Note
-------+----------+-------------------------------------------
     0 | D:1      | Jannitor the Ogre Chaos Knight began the quest for the Orb.
     0 | D:1      | Reached XP level 1. HP: 24/24 MP: 1/1
    92 | D:1      | Reached XP level 2. HP: 32/33 MP: 2/2
   453 | D:1      | XOM: cloud trail
   558 | D:1      | XOM: torment (18/33 hp)
   655 | D:2      | Reached XP level 3. HP: 23/41 MP: 3/3
   823 | D:2      | Found a burning altar of Makhleb.
   843 | D:2      | Noticed a balrug
   973 | D:2      | XOM: medium Chrm miscast
   996 | D:2      | Noticed Robin
  1011 | D:2      | Reached skill level 5 in Fighting
  1021 | D:2      | Killed Robin
  1276 | D:2      | XOM: medium Ice miscast
  1307 | D:2      | XOM: medium Fire miscast
  1544 | D:2      | Reached XP level 4. HP: 25/50 MP: 4/4
  1986 | D:2      | Found a blossoming altar of Fedhas.
  2012 | D:2      | Found a hide-covered altar of Uskayaw.
  2493 | D:2      | XOM: god gift: 28 gold pieces
  2648 | D:3      | XOM: enchant monster (bad)
  2661 | D:3      | XOM: noise
  2670 | D:3      | XOM: divination: detect creatures
  2683 | D:3      | Reached XP level 5. HP: 30/57 MP: 5/5
  2709 | D:3      | XOM: enchant monster (good)
  2724 | D:3      | XOM: noise
  3066 | D:3      | XOM: divination: detect items
  3067 | D:3      | Slain by an orc

Skill      XL: |  1  2  3  4 |
---------------+-------------+-----
Fighting       | 5 |  5.7
Maces & Flails | 3 |  3.5
Dodging        | 3 |  3.4

Action                   |  1- 3 |  4- 6 || total
-------------------------+-------+-------++-------
Melee: Mace              |   117 |   131 ||   248
  Use: Potion            |     1 |     3 ||     4
 Stab: Paralysed         |     3 |       ||     3
  Eat: Chunk             |     1 |     6 ||     7
Armor: Robe              |    53 |    58 ||   111
Dodge: Dodged            |    69 |    95 ||   164
